[Event "Titled Tuesday Blitz May 10 Early 2022"]
[White "Vifleemskaia, Svetlana"]
[Black "Barria Zuniga, Daniel"]
[WhiteFideId "4129490"]
[BlackFideId "3400816"]
[WhiteElo "1929"]
[BlackElo "2414"]
[Result "1/2-1/2"]
[Round "01"]
[TimeControl "180+1"]
[Date "2022.05.11"]
[WhiteClock "0:00:17"]
[BlackClock "0:00:09"]

1. d4 g6 2. c4 Bg7 3. e4 c5 4. d5 d6 5. Qc2 e6 6. Nc3 exd5 7. cxd5 a6 8. a4 Nf6 9. Nf3 O-O 10. Bd3 Bg4 11. Nd2 Nh5 12. h3 Bc8 13. Nc4 f5 14. exf5 gxf5 15. O-O b6 16. Be2 Nf6 17. Bd3 Ne8 18. Bf4 Ra7 19. Rfe1 Raf7 20. Qe2 Bd4 21. Qf3 Bb7 22. Re6 Bc8 23. Rae1 Bxe6 24. dxe6 Rg7 25. Nd5 Nc6 26. Bh6 Ne5 27. Nxe5 dxe5 28. e7 Rxe7 29. Nxe7+ Qxe7 30. Bxf8 Qxf8 31. Bxf5 Nd6 32. Be6+ Kg7 33. Qg4+ Kf6 34. Bd5 Qc8 35. Qh4+ Kg6 36. Be4+ Nxe4 37. Qxe4+ Qf5 38. Qxf5+ Kxf5 39. b3 b5 40. axb5 axb5 41. Rc1 e4 42. Kf1 Ke5 43. Ke2 Kd5 44. g4 c4 45. bxc4+ bxc4 46. h4 c3 47. g5 Kc4 48. h5 Kb3 49. g6 hxg6 50. hxg6 Bg7 51. Ke3 Kb2 52. Rh1 c2 53. Kxe4 c1=Q 54. Rxc1 Kxc1 55. f4 Kd2 56. Kf5 Ke3 57. Kg5 Ke4 58. f5 Ke5 59. Kg4 Kf6 60. Kf4 Bh6+ 61. Kg4 Be3 62. Kh5 Kg7 63. Kg4 Bd4 64. Kf3 Bf6 65. Ke4 Be7 66. Kd5 Bf6 67. Ke6 Ba1 68. Kd5 Bf6 69. Ke4 Bd8 70. Kf4 Bf6 71. Kg4 Bd8 72. Kh5 Bf6 73. Kg4 Bd8 74. Kf4 Bf6 75. Ke4 1/2-1/2


[Site "https://www.chess.com"]

[Event "Titled Tuesday Blitz May 10 Early 2022"]
[White "Vlassov, Nikolai"]
[Black "Mikhnenko, Alexander"]
[WhiteFideId "4103360"]
[BlackFideId "34143014"]
[WhiteElo "2407"]
[BlackElo "2117"]
[Result "0-1"]
[Round "01"]
[TimeControl "180+1"]
[Date "2022.05.11"]
[WhiteClock "0:00:13"]
[BlackClock "0:00:51"]

1. e4 c5 2. c3 e6 3. d4 d5 4. exd5 exd5 5. Nf3 Nf6 6. Be3 cxd4 7. Nxd4 Nc6 8. Be2 Be7 9. O-O O-O 10. Nd2 Nxd4 11. Bxd4 Be6 12. Re1 Re8 13. Nf1 Rc8 14. Ne3 Bc5 15. Bf3 Qb6 16. Bxc5 Rxc5 17. Rb1 Rd8 18. Qd4 Rb5 19. Qxb6 Rxb6 20. Red1 Rd7 21. Rd4 h6 22. Kf1 Ne4 23. Nxd5 Rxd5 24. Rxe4 Rd2 25. Rb4 Rxb4 26. cxb4 Bxa2 27. Ra1 Rxb2 28. Bxb7 Rxb4 29. Bc6 Rb1+ 30. Rxb1 Bxb1 31. Ke2 Kf8 32. Ke3 Ke7 33. Kd4 Kd6 34. Be8 f6 35. f4 a5 36. Kc4 Be4 37. g3 Bc6 38. Bf7 Bd7 39. Bg6 Kc6 40. Be4+ Kb6 41. f5 Bb5+ 42. Kd4 a4 43. Bd5 a3 44. Be6 Bd7 45. Kc3 Bxe6 46. fxe6 Kc6 47. Kb3 Kd6 48. Kxa3 Kxe6 49. Kb3 Ke5 50. Kc4 Ke4 51. Kc5 f5 52. Kd6 g5 53. Ke6 f4 54. g4 f3 55. Kf6 f2 56. Kg6 f1=Q 57. Kxh6 Qh3+ 58. Kxg5 Qxh2 59. Kg6 Kf4 60. g5 Qh4 0-1


[Site "https://www.chess.com"]

[Event "Titled Tuesday Blitz May 10 Early 2022"]
[White "Wachinger, Guenther"]
[Black "Matinian, Nikita"]
[WhiteFideId "4604261"]
[BlackFideId "24129100"]
[WhiteElo "2212"]
[BlackElo "2422"]
[Result "0-1"]
[Round "01"]
[TimeControl "180+1"]
[Date "2022.05.11"]
[WhiteClock "0:00:02"]
[BlackClock "0:00:11"]

1. e4 c5 2. Nf3 d6 3. d4 cxd4 4. Nxd4 Nf6 5. Nc3 g6 6. Be3 Bg7 7. f3 Nc6 8. Qd2 O-O 9. O-O-O d5 10. Kb1 Nxd4 11. e5 Nf5 12. exf6 exf6 13. Bc5 d4 14. Bxf8 Bxf8 15. g4 Bh6 16. Qd3 Qb6 17. Nd5 Qd6 18. gxf5 Qxd5 19. Qxd4 Qxf5 20. Qd8+ Kg7 21. Bc4 Bf4 22. h4 Qc5 23. Bb3 a5 24. h5 gxh5 25. Rhg1+ Bg5 26. f4 h6 27. fxg5 hxg5 28. Rgf1 Ra6 29. Qe8 Be6 30. Bxe6 Rxe6 31. Qd7 Qc6 32. Qd2 a4 33. Qd3 h4 34. Rg1 Qe4 35. Qh3 a3 36. Qxa3 Ra6 37. Qc3 Rc6 38. Rxg5+ Kh6 39. Rc5 Rxc5 40. Qxc5 h3 41. Qg1 Kh5 42. Rf1 f5 43. Qh2 Qg4 44. Rg1 Qf3 45. a3 f4 46. Re1 Qg3 47. Qe2+ f3 48. Qb5+ Kg6 49. Qb6+ f6 0-1


[Site "https://www.chess.com"]

[Event "Titled Tuesday Blitz May 10 Early 2022"]
[White "Wagh Suyog"]
[Black "Zia, Tahsin Tajwar"]
[WhiteFideId "25071688"]
[BlackFideId "10211888"]
[WhiteElo "2181"]
[BlackElo "1800"]
[Result "0-1"]
[Round "01"]
[TimeControl "180+1"]
[Date "2022.05.11"]
[WhiteClock "0:00:36"]
[BlackClock "0:00:11"]

1. e4 c6 2. d4 d5 3. e5 Bf5 4. h4 h5 5. Nf3 e6 6. Bd3 Bg4 7. O-O Be7 8. g3 Nh6 9. Re1 Nf5 10. c3 Nd7 11. Nbd2 c5 12. dxc5 Nxc5 13. Bb5+ Kf8 14. Nf1 Ne4 15. Bd3 Bc5 16. Ne3 Qb6 17. Qe2 g5 18. Nxg4 hxg4 19. Bxe4 Nxg3 20. Qc2 Nxe4 21. Rxe4 dxe4 22. Nxg5 g3 23. Nxe4 Bxf2+ 24. Kg2 Rxh4 25. Nxg3 Bxg3 26. Kxg3 Rh1 27. Kf3 Qc6+ 28. Kg3 Rg1+ 29. Kf4 Rf1+ 30. Kg5 Qh1 31. Be3 Rxa1 32. Bc5+ Kg7 33. Kf4 Rf1+ 34. Ke3 Qf3+ 35. Kd4 Rd8+ 36. Bd6 Rd1+ 37. Kc5 Qd5+ 38. Kb4 a5+ 39. Ka3 Rxd6 40. exd6 Qxd6+ 41. Ka4 Qc6+ 42. Ka3 Qc5+ 43. Ka4 b5+ 44. Kxa5 Rd7 45. Qg2+ Kf8 46. Qa8+ Ke7 47. b4 Ra7+ 48. Qxa7+ Qxa7+ 49. Kxb5 Qxa2 50. c4 Qa8 51. c5 f5 52. Kb6 f4 53. c6 f3 54. c7 f2 55. c8=Q Qxc8 56. b5 f1=Q 57. Ka7 Qa1+ 58. Kb6 Qd4+ 59. Ka5 Qa8# 0-1


[Site "https://www.chess.com"]

[Event "Titled Tuesday Blitz May 10 Early 2022"]
[White "Wagner, Dennis"]
[Black "Duarte, Leonardo"]
[WhiteFideId "24650684"]
[BlackFideId "110582"]
[WhiteElo "2355"]
[BlackElo "2217"]
[Result "1-0"]
[Round "01"]
[TimeControl "180+1"]
[Date "2022.05.11"]
[WhiteClock "0:00:16"]
[BlackClock "0:00:03"]

1. d4 Nf6 2. Nf3 g6 3. g3 Bg7 4. Bg2 O-O 5. O-O d6 6. Re1 c5 7. dxc5 dxc5 8. Qxd8 Rxd8 9. e4 Nc6 10. c3 Bg4 11. Bf4 Nd7 12. Nbd2 Nde5 13. Be3 Nd3 14. Reb1 b6 15. a4 Na5 16. h3 Be6 17. Ng5 Bc8 18. f4 Ba6 19. e5 Rac8 20. b4 cxb4 21. cxb4 Nc4 22. Nxc4 Bxc4 23. Ra3 f6 24. exf6 exf6 25. Ne4 f5 26. Nd2 Bf7 27. b5 Bc3 28. Bc6 Bb4 29. Raa1 Bc5 30. Bxc5 Nxc5 31. Nf3 Rd3 32. Rd1 Rcd8 33. Rxd3 Rxd3 34. Kf2 Ne4+ 35. Bxe4 fxe4 36. Ne5 Rb3 37. Rc1 Bd5 38. Rd1 e3+ 39. Ke2 Bg2 40. Rd8+ Kg7 41. Rd7+ Kf6 42. Rxh7 Bd5 43. Ng4+ Kf5 44. Nxe3+ Ke4 45. Re7+ Kd4 46. Nxd5 Rb2+ 47. Kf3 Kxd5 48. Rxa7 Rb3+ 49. Kg4 Kd4 50. h4 Kc4 51. Rb7 Kb4 52. Rxb6 1-0


[Site "https://www.chess.com"]

[Event "Titled Tuesday Blitz May 10 Early 2022"]
[White "Yuan, Qingyu"]
[Black "Loh, Zachary"]
[WhiteFideId "8609772"]
[BlackFideId "3210383"]
[WhiteElo "2359"]
[BlackElo "2118"]
[Result "1-0"]
[Round "01"]
[TimeControl "180+1"]
[Date "2022.05.11"]
[WhiteClock "0:01:22"]
[BlackClock "0:00:23"]

1. e4 c6 2. Nf3 d5 3. Nc3 dxe4 4. Nxe4 Nf6 5. Qe2 Nxe4 6. Qxe4 Nd7 7. d4 Nf6 8. Qf4 Nd5 9. Qd2 g6 10. Be2 Bg7 11. O-O O-O 12. c4 Nf6 13. h3 Bf5 14. b3 Ne4 15. Qe3 Nd6 16. Bb2 Re8 17. Rfd1 Qa5 18. a3 Rad8 19. b4 Qc7 20. Rac1 h5 21. Ne5 Bc8 22. g4 hxg4 23. hxg4 a6 24. c5 Nb5 25. a4 Na7 26. Bc4 Bxe5 27. dxe5 Bxg4 28. e6 Rxd1+ 29. Rxd1 Bxd1 30. exf7+ Kf8 31. Qh6# 1-0


[Site "https://www.chess.com"]

[Event "Titled Tuesday Blitz May 10 Early 2022"]
[White "Zaksaite, Salomeja"]
[Black "Nguyen, Hong Anh"]
[WhiteFideId "12801496"]
[BlackFideId "12406732"]
[WhiteElo "1953"]
[BlackElo "2016"]
[Result "1-0"]
[Round "01"]
[TimeControl "180+1"]
[Date "2022.05.11"]
[WhiteClock "0:00:10"]
[BlackClock "0:00:19"]

1. e4 c5 2. Nf3 Nc6 3. Bb5 g6 4. O-O Bg7 5. Re1 Nf6 6. e5 Nd5 7. Nc3 Nxc3 8. dxc3 O-O 9. Qd5 d6 10. exd6 Qxd6 11. Qxd6 exd6 12. Bf4 Rd8 13. Rad1 Bf5 14. Bxc6 bxc6 15. Rxd6 Bxc2 16. Rxc6 Bf8 17. h3 a5 18. Re2 Bd1 19. Rd2 a4 20. Ne5 Rxd2 21. Bxd2 Re8 22. f4 Rd8 23. Be3 Rd5 24. Rc8 Bc2 25. Ng4 Kg7 26. f5 g5 27. f6+ Kg6 28. Rxf8 h5 29. Rg8+ Kh7 30. Rg7+ Kh8 31. Nh6 Bg6 32. Nxf7+ Bxf7 33. Rxf7 Kg8 34. Rg7+ Kf8 35. Rxg5 Rd1+ 36. Kf2 Kf7 37. Rf5 Rb1 38. Kf3 Rxb2 39. g4 hxg4+ 40. hxg4 Rxa2 41. g5 Ra1 42. g6+ Kxg6 43. f7 Rf1+ 44. Bf2 Kxf5 45. f8=Q+ Ke5 46. Qxc5+ Ke6 47. Qc4+ Kd6 48. Qxf1 a3 49. Qa1 Kc6 50. Qxa3 Kb5 51. Qc5+ Ka6 52. Qb6# 1-0


[Site "https://www.chess.com"]

[Event "Titled Tuesday Blitz May 10 Early 2022"]
[White "Zemlyanskii, Ivan"]
[Black "Miszler, Levente"]
[WhiteFideId "24249971"]
[BlackFideId "763276"]
[WhiteElo "1815"]
[BlackElo "1966"]
[Result "1/2-1/2"]
[Round "01"]
[TimeControl "180+1"]
[Date "2022.05.11"]
[WhiteClock "0:00:12"]
[BlackClock "0:00:41"]

1. d4 d5 2. c4 c6 3. Nf3 Nf6 4. e3 e6 5. Bd3 Bd6 6. Nbd2 O-O 7. O-O Nbd7 8. e4 dxe4 9. Nxe4 Nxe4 10. Bxe4 Nf6 11. Bc2 c5 12. dxc5 Bxc5 13. Qe2 b6 14. Bg5 Bb7 15. Ne5 h6 16. Bh4 Be7 17. Rad1 Qc7 18. Bg3 Qc5 19. Nd7 Nxd7 20. Rxd7 Qc6 21. Rxb7 Qxb7 22. Be4 Qc8 23. Bxa8 Qxa8 24. Rd1 Rd8 25. h3 Bc5 26. b3 Rxd1+ 27. Qxd1 Qe4 28. Kh2 f5 29. f3 Qe3 30. f4 Bd4 31. h4 e5 32. Qf1 e4 33. Qd1 Qd3 34. Qh5 e3 35. Qe8+ Kh7 36. h5 e2 37. Qg6+ Kg8 38. Qe8+ Kh7 39. Qg6+ Kg8 40. Qe8+ Kh7 1/2-1/2


[Site "https://www.chess.com"]

[Event "Titled Tuesday Blitz May 10 Early 2022"]
[White "Aaditya Dhingra"]
[Black "Keymer, Vincent"]
[WhiteFideId "25678191"]
[BlackFideId "12940690"]
[WhiteElo "1849"]
[BlackElo "2548"]
[Result "0-1"]
[Round "02"]
[TimeControl "180+1"]
[Date "2022.05.11"]
[WhiteClock "0:01:09"]
[BlackClock "0:02:20"]

1. e4 c6 2. Nc3 d5 3. Nf3 dxe4 4. Nxe4 Nf6 5. Qe2 Nxe4 6. Qxe4 Nd7 7. Bc4 Nf6 8. Ne5 e6 9. Qe2 b5 10. Nxc6 Qc7 11. Bxb5 a6 12. Ba4 Bd7 13. Qc4 Nd5 14. Na5 Qxa5 15. Bxd7+ Kxd7 16. O-O Rc8 17. Qe2 Rxc2 18. a3 Be7 19. b4 Qb5 20. Qg4 Bf6 21. Rb1 Qd3 22. a4 Rc4 0-1


[Site "https://www.chess.com"]

[Event "Titled Tuesday Blitz May 10 Early 2022"]
[White "Abrahamyan, Tatev"]
[Black "Broca Jimenez, Fernando"]
[WhiteFideId "13301918"]
[BlackFideId "5104742"]
[WhiteElo "2352"]
[BlackElo "2062"]
[Result "1-0"]
[Round "02"]
[TimeControl "180+1"]
[Date "2022.05.11"]
[WhiteClock "0:01:11"]
[BlackClock "0:00:42"]

1. Nf3 g6 2. g3 Bg7 3. Bg2 Nf6 4. O-O O-O 5. c4 b6 6. Nc3 Bb7 7. d4 Na6 8. Re1 c5 9. d5 d6 10. e4 e5 11. dxe6 fxe6 12. Ng5 Qe7 13. e5 Bxg2 14. exf6 Bxf6 15. Nxe6 Rfe8 16. Kxg2 Qd7 17. Nf4 Bxc3 18. bxc3 Nc7 19. Be3 Rad8 20. Nd5 Nxd5 21. Qxd5+ Qf7 22. Rad1 1-0


[Site "https://www.chess.com"]

[Event "Titled Tuesday Blitz May 10 Early 2022"]
[White "Golubova, Anna"]
[Black "Melian, Juan Sebastian"]
[WhiteFideId "24173606"]
[BlackFideId "3706575"]
[WhiteElo "2083"]
[BlackElo "1851"]
[Result "0-1"]
[Round "02"]
[TimeControl "180+1"]
[Date "2022.05.11"]
[WhiteClock "0:00:33"]
[BlackClock "0:00:33"]

1. d4 Nf6 2. Bf4 e6 3. e3 d5 4. Nd2 Bd6 5. Bg3 c5 6. c3 Qc7 7. dxc5 Qxc5 8. Ngf3 Bxg3 9. hxg3 Nc6 10. Bd3 b6 11. Qe2 Bb7 12. Rd1 O-O-O 13. O-O e5 14. e4 d4 15. Nb3 Qe7 16. cxd4 Nxd4 17. Nbxd4 exd4 18. Rfe1 Kb8 19. e5 Nd7 20. Ba6 d3 21. Bxd3 Nc5 22. Bc4 Rxd1 23. Rxd1 Bxf3 24. Qxf3 Qxe5 25. Qxf7 Qc7 26. Qd5 Nb7 27. Ba6 Rd8 28. Qxb7+ Qxb7 29. Rxd8+ Qc8 30. Bb7 Qxd8 0-1


[Site "https://www.chess.com"]

[Event "Titled Tuesday Blitz May 10 Early 2022"]
[White "Ajay Krishna, S"]
[Black "Sailer, Mike"]
[WhiteFideId "5096430"]
[BlackFideId "2012901"]
[WhiteElo "2247"]
[BlackElo "2109"]
[Result "0-1"]
[Round "02"]
[TimeControl "180+1"]
[Date "2022.05.11"]
[WhiteClock "0:00:07"]
[BlackClock "0:00:13"]

1. d4 d5 2. c4 Bf5 3. cxd5 Bxb1 4. Rxb1 Qxd5 5. Qa4+ Nc6 6. Nf3 O-O-O 7. Be3 e5 8. Nxe5 Bb4+ 9. Kd1 Nxd4 10. Nd3 Nc6 11. Rc1 Nge7 12. a3 Bd6 13. Qc4 Qh5 14. g4 Qg6 15. Bg2 Rhe8 16. Be4 Qxg4 17. Bxc6 Qxc4 18. Bxb7+ Kxb7 19. Rxc4 Nf5 20. Bg5 f6 21. Bd2 Re7 22. e4 Nh4 23. e5 Bxe5 24. Nxe5 Rxe5 25. Rxh4 Red5 26. Rxh7 Rxd2+ 27. Kc1 Rxf2 28. Rxg7 Rdd2 29. Rf1 Rc2+ 30. Kd1 Rfd2+ 31. Ke1 Rxh2 32. Kd1 Rxb2 33. Kc1 Rhc2+ 34. Kd1 Rb1+ 35. Kxc2 Rxf1 36. Rf7 Rf3 37. a4 Kb6 38. Kb2 a5 39. Kc2 c6 40. Kb2 Kc5 41. Rb7 f5 42. Kc2 f4 43. Kb2 Rf2+ 44. Kc3 f3 45. Ra7 Kb6 46. Rf7 Ra2 47. Kb3 Rf2 48. Rf5 Rf1 49. Kc3 f2 50. Kb2 Kc7 51. Rf3 Kd6 52. Rf4 Ke5 53. Rf8 c5 54. Re8+ Kd4 55. Rd8+ Kc4 56. Rf8 Kb4 57. Rb8+ Kxa4 58. Rf8 Kb4 59. Rf4+ c4 60. Rf5 c3+ 61. Ka2 Kc4 62. Rf4+ Kd3 63. Rf3+ Kd2 64. Rf7 c2 65. Rd7+ Ke3 66. Re7+ Kd4 67. Rd7+ Ke5 68. Re7+ Kd6 69. Re3 Ra1+ 70. Kxa1 c1=Q+ 71. Ka2 Qxe3 0-1


[Site "https://www.chess.com"]

[Event "Titled Tuesday Blitz May 10 Early 2022"]
[White "Akhmedinov, Satbek"]
[Black "Jobava, Baadur"]
[WhiteFideId "13714287"]
[BlackFideId "13601520"]
[WhiteElo "1846"]
[BlackElo "2617"]
[Result "0-1"]
[Round "02"]
[TimeControl "180+1"]
[Date "2022.05.11"]
[WhiteClock "0:00:55"]
[BlackClock "0:02:15"]

1. e4 e6 2. d4 d5 3. exd5 exd5 4. Nf3 Bd6 5. Bd3 Nf6 6. c3 O-O 7. O-O h6 8. h3 Re8 9. Nbd2 Nc6 10. Re1 Rxe1+ 11. Qxe1 Ne7 12. Nf1 Bf5 13. Bxf5 Nxf5 14. Ne3 Qd7 15. b3 Re8 16. Qf1 c6 17. Qd3 Ne4 18. c4 Bb8 19. Ng4 f6 20. Ba3 h5 21. Ne3 g5 22. Rf1 Kg7 23. cxd5 cxd5 24. Nc2 g4 25. hxg4 hxg4 26. Nd2 Kg6 27. f3 Bh2+ 28. Kxh2 Qh7+ 29. Kg1 g3 30. Re1 Qh2+ 31. Kf1 Nxd2+ 0-1


[Site "https://www.chess.com"]

[Event "Titled Tuesday Blitz May 10 Early 2022"]
[White "Al-Tarboush, Ward"]
[Black "Daneshvar, Bardiya"]
[WhiteFideId "7601450"]
[BlackFideId "12576468"]
[WhiteElo "2294"]
[BlackElo "2330"]
[Result "1-0"]
[Round "02"]
[TimeControl "180+1"]
[Date "2022.05.10"]
[WhiteClock "0:00:27"]
[BlackClock "0:00:53"]

1. e4 Nf6 2. e5 Nd5 3. d4 d6 4. Nf3 g6 5. Bc4 Nb6 6. Bb3 Bg7 7. O-O O-O 8. exd6 cxd6 9. h3 Nc6 10. c3 Bf5 11. Re1 Rc8 12. Nbd2 e5 13. d5 Na5 14. Nf1 Nxb3 15. axb3 a6 16. Ng3 Bd7 17. Ne4 Qe7 18. c4 f5 19. Bg5 Bf6 20. Nxf6+ Rxf6 21. Qd2 Na8 22. Qb4 Rc7 23. Nxe5 Qg7 24. Nxd7 Rxd7 25. Bxf6 Qxf6 26. Re8+ Kg7 27. Rxa8 Qxb2 28. Re1 f4 29. Rae8 f3 30. R8e7+ Rxe7 31. Rxe7+ Kh6 32. Qe1 fxg2 33. Qe3+ g5 34. Qe6+ Kh5 35. Rxh7# 1-0


[Site "https://www.chess.com"]

[Event "Titled Tuesday Blitz May 10 Early 2022"]
[White "Arabidze, Meri"]
[Black "Bok, Benjamin"]
[WhiteFideId "13604040"]
[BlackFideId "1017063"]
[WhiteElo "2335"]
[BlackElo "2658"]
[Result "0-1"]
[Round "02"]
[TimeControl "180+1"]
[Date "2022.05.10"]
[WhiteClock "0:00:01"]
[BlackClock "0:00:09"]

1. Nf3 d5 2. b3 Bf5 3. Bb2 e6 4. e3 Nd7 5. c4 c6 6. Nc3 Ngf6 7. Be2 h6 8. O-O Bd6 9. h3 O-O 10. Rc1 Qe7 11. cxd5 exd5 12. Nd4 Bh7 13. f4 Rfe8 14. Bg4 Nxg4 15. hxg4 Nf6 16. Nf5 Bxf5 17. gxf5 d4 18. exd4 Qd7 19. g4 h5 20. g5 Ng4 21. f6 Bf8 22. Na4 Qd5 23. Nc5 gxf6 24. gxf6 Nxf6 25. Nd3 Qf5 26. Ne5 Nd5 27. Qf3 f6 28. Nc4 Kf7 29. Rf2 Be7 30. Ne3 Rg8+ 31. Kh2 Nxe3 32. dxe3 Rg4 33. Rg2 Rag8 34. Rxg4 Rxg4 35. Rg1 Rh4+ 36. Kg2 Qc2+ 37. Kf1 Qb1+ 0-1


[Site "https://www.chess.com"]

[Event "Titled Tuesday Blitz May 10 Early 2022"]
[White "Arias, Juan Cruz"]
[Black "Sychev, Klementy"]
[WhiteFideId "118540"]
[BlackFideId "4114060"]
[WhiteElo "2091"]
[BlackElo "2564"]
[Result "0-1"]
[Round "02"]
[TimeControl "180+1"]
[Date "2022.05.10"]
[WhiteClock "0:01:58"]
[BlackClock "0:01:23"]

1. e4 c5 2. Nf3 d6 3. Nc3 Nf6 4. g3 Nc6 5. Bg2 g6 6. d3 Bg7 7. O-O O-O 8. Nh4 Rb8 9. a4 a6 10. f4 Bg4 11. Qd2 Nd4 12. h3 Bd7 13. f5 e6 14. Qf2 exf5 15. exf5 Nxf5 16. Nxf5 Bxf5 17. g4 Be6 18. Bg5 Nxg4 19. Bxd8 Nxf2 20. Bc7 Nxh3+ 21. Kh1 Bd4 22. Bxd6 Nf2+ 23. Kh2 Rfd8 24. Bxb8 Rxb8 25. Bf3 h5 26. Ne2 Ng4+ 27. Bxg4 Be5+ 28. Kg2 hxg4 29. c3 Bd5+ 30. Kg1 Kg7 31. d4 cxd4 32. cxd4 Bd6 33. Kf2 Rh8 34. Ke3 Rh3+ 35. Kd2 g3 36. Rg1 g2 0-1


[Site "https://www.chess.com"]

[Event "Titled Tuesday Blitz May 10 Early 2022"]
[White "Aslanov, Umid"]
[Black "Soucek, Petr"]
[WhiteFideId "13412620"]
[BlackFideId "23715170"]
[WhiteElo "1796"]
[BlackElo "1979"]
[Result "1-0"]
[Round "02"]
[TimeControl "180+1"]
[Date "2022.05.11"]
[WhiteClock "0:00:23"]
[BlackClock "0:00:10"]

1. e4 c5 2. Nc3 Nc6 3. f4 e6 4. Bb5 Nge7 5. Nf3 a6 6. Bxc6 Nxc6 7. O-O b5 8. d3 Be7 9. Qe1 Bb7 10. Qg3 g6 11. f5 Qb6 12. Be3 O-O-O 13. a4 b4 14. a5 Qc7 15. Bf4 d6 16. Na4 e5 17. Nb6+ Kb8 18. Bg5 Bxg5 19. Nxg5 h6 20. Nd5 Qd7 21. Nxf7 Qxf7 22. fxg6 Qe8 23. Rf7 Nd4 24. Qf2 Bxd5 25. exd5 Rg8 26. c3 Nb3 27. Rf1 Rxg6 28. cxb4 Qb5 29. Rf8 Rg8 30. Rxg8 Rxg8 31. Qf7 Rc8 32. Qe6 Rd8 33. Rf7 Nd4 34. Qe7 Ne2+ 35. Kf2 Rd7 36. Qxd7 Qxd7 37. Rxd7 Nf4 38. Rxd6 Nxd3+ 39. Ke3 Nxb4 40. Rb6+ Kc7 41. Rxb4 cxb4 42. Ke4 Kd6 43. g4 b3 44. h4 Kc5 45. Kxe5 Kb5 46. d6 Kxa5 47. d7 Kb4 48. d8=Q a5 49. Qb6+ Ka4 50. Qc5 h5 51. Qc4# 1-0


[Site "https://www.chess.com"]

[Event "Titled Tuesday Blitz May 10 Early 2022"]
[White "Bai, Adelard"]
[Black "Donchenko, Alexander"]
[WhiteFideId "16301188"]
[BlackFideId "24603295"]
[WhiteElo "2120"]
[BlackElo "2572"]
[Result "1/2-1/2"]
[Round "02"]
[TimeControl "180+1"]
[Date "2022.05.10"]
[WhiteClock "0:00:10"]
[BlackClock "0:00:41"]

1. d4 Nf6 2. c4 e6 3. Nf3 a6 4. g3 b5 5. cxb5 axb5 6. Bg2 Bb7 7. O-O Be7 8. Qb3 b4 9. Nbd2 O-O 10. Ne5 Bxg2 11. Kxg2 Qc8 12. Ndf3 Qb7 13. Bd2 Ne4 14. Kg1 c5 15. dxc5 Bxc5 16. Nd3 Nxd2 17. Nxd2 Be7 18. a3 Nc6 19. axb4 Nxb4 20. Nxb4 Qxb4 21. Qxb4 Bxb4 22. Nf3 Rfc8 23. Rfc1 Rxa1 24. Rxa1 Kf8 25. Ra7 Ke8 26. Ne5 Bc5 27. Rxd7 f6 28. Rxg7 fxe5 29. Rxh7 Rb8 30. Rh8+ Bf8 31. e3 Rxb2 32. Kg2 Kf7 33. h4 e4 34. Rh5 Kf6 35. Ra5 Bb4 36. Rb5 Bc3 37. Rxb2 Bxb2 38. g4 Kg6 39. Kg3 Be5+ 40. Kh3 Bf6 41. Kg3 Kf7 42. g5 Be5+ 43. Kg4 Bh2 44. h5 Kg7 45. Kh3 Bd6 46. Kg4 Be7 47. Kh4 Bb4 48. Kg4 Be1 49. Kg3 Kf7 50. Kg2 e5 51. Kg3 Ke6 52. h6 Kf7 53. Kg4 Kg6 54. h7 Kxh7 55. Kf5 Bxf2 56. Kxe5 Bxe3 57. Kxe4 Bxg5 1/2-1/2


[Site "https://www.chess.com"]

[Event "Titled Tuesday Blitz May 10 Early 2022"]
[White "Ballester Llagaria, Luis Eduardo"]
[Black "Shimanov, Aleksandr"]
[WhiteFideId "2297620"]
[BlackFideId "4198603"]
[WhiteElo "2344"]
[BlackElo "2605"]
[Result "0-1"]
[Round "02"]
[TimeControl "180+1"]
[Date "2022.05.11"]
[WhiteClock "0:00:37"]
[BlackClock "0:01:10"]

1. e4 c6 2. Nc3 d5 3. Nf3 Nf6 4. e5 Ne4 5. Ne2 Qb6 6. d4 e6 7. Nfg1 f6 8. f3 Ng5 9. exf6 gxf6 10. f4 Nf7 11. Nf3 Bd7 12. g3 c5 13. c3 Nc6 14. Bg2 O-O-O 15. Be3 Nh6 16. Qd2 Kb8 17. O-O-O c4 18. Nh4 Ng4 19. Bh3 Nxe3 20. Qxe3 Re8 21. Rde1 Bd6 22. Ng1 Qa5 23. Ngf3 Qxa2 0-1


[Site "https://www.chess.com"]

[Event "Titled Tuesday Blitz May 10 Early 2022"]
[White "Barp, Alberto"]
[Black "Buscar, Michael"]
[WhiteFideId "872555"]
[BlackFideId "2603616"]
[WhiteElo "2229"]
[BlackElo "2010"]
[Result "1-0"]
[Round "02"]
[TimeControl "180+1"]
[Date "2022.05.11"]
[WhiteClock "0:01:00"]
[BlackClock "0:00:04"]

1. d4 d5 2. Nf3 e6 3. Bf4 Nf6 4. e3 Nh5 5. Bg5 f6 6. Bh4 g5 7. Bg3 Nxg3 8. hxg3 Bd6 9. g4 Nc6 10. Bd3 Qe7 11. a3 Bd7 12. c4 dxc4 13. Bxc4 O-O-O 14. Nfd2 f5 15. gxf5 exf5 16. Nc3 Nxd4 17. Nd5 Qe5 18. Kf1 Nc6 19. Nf3 Qxb2 20. Rb1 Qxa3 21. Ra1 Qc5 22. Rc1 g4 23. Ng5 Ne5 24. Bb3 Qb5+ 25. Kg1 Qd3 26. Qxd3 Nxd3 27. Rc3 Ne5 28. Rxh7 Rxh7 29. Nxh7 Bc6 30. Nf4 a5 31. Be6+ Kb8 32. Bxf5 a4 33. Ng5 a3 34. Nge6 a2 35. Rc1 Ba3 36. Ra1 Rd2 37. Nd4 Nc4 38. Be6 b5 39. Nxc6+ Kb7 40. Nd4 Rb2 41. Kh2 c5 42. Nxb5 Rxf2 43. Bxc4 Bb4 44. Rxa2 Rxa2 45. Bxa2 Kb6 46. Nd6 1-0


[Site "https://www.chess.com"]

[Event "Titled Tuesday Blitz May 10 Early 2022"]
[White "Barria Zuniga, Daniel"]
[Black "Avazkhonov, Alikhon"]
[WhiteFideId "3400816"]
[BlackFideId "14208504"]
[WhiteElo "2414"]
[BlackElo "1739"]
[Result "1-0"]
[Round "02"]
[TimeControl "180+1"]
[Date "2022.05.11"]
[WhiteClock "0:02:30"]
[BlackClock "0:01:40"]

1. c4 e5 2. g3 d6 3. Bg2 f5 4. Nc3 Nf6 5. d3 Be7 6. Nh3 O-O 7. O-O c6 8. b4 d5 9. cxd5 cxd5 10. Qb3 Be6 11. Ng5 Qd7 12. Nxe6 Qxe6 13. Nxd5 Kf7 14. Nxe7 Qxb3 15. axb3 Kxe7 16. Bxb7 Nbd7 17. Bxa8 Rxa8 18. Be3 Rb8 19. Rxa7 Rxb4 20. Bc5+ 1-0


[Site "https://www.chess.com"]

[Event "Titled Tuesday Blitz May 10 Early 2022"]
[White "Bas Mas, Jose Joaquin"]
[Black "Harish, Neeraj"]
[WhiteFideId "22219064"]
[BlackFideId "30958130"]
[WhiteElo "2233"]
[BlackElo "1574"]
[Result "1-0"]
[Round "02"]
[TimeControl "180+1"]
[Date "2022.05.11"]
[WhiteClock "0:00:04"]
[BlackClock "0:00:04"]

1. e4 c5 2. Nc3 Nc6 3. Bb5 Nd4 4. Nf3 a6 5. Bc4 e6 6. Nxd4 cxd4 7. Ne2 b5 8. Bb3 d3 9. cxd3 Bb7 10. O-O Bd6 11. Bc2 Qc7 12. f4 Rc8 13. Bb1 Bc5+ 14. d4 Bxd4+ 15. Nxd4 Qc5 16. Kh1 Qxd4 17. d3 Nf6 18. a4 O-O 19. axb5 axb5 20. Qe2 Ra8 21. Be3 Qb4 22. Rxa8 Rxa8 23. h3 Ra1 24. Qc2 h6 25. Bd2 Qe7 26. Bc3 d5 27. b3 Ra8 28. e5 Nh5 29. Be1 Rc8 30. Qd2 d4 31. b4 g6 32. Qe2 Ng7 33. Kh2 Nf5 34. Bf2 Qd7 35. g4 Qd5 36. Rg1 Ng7 37. Ba2 Qc6 38. Bb3 Qc3 39. Bd1 Qxb4 40. f5 Qc5 41. f6 Ne8 42. Bg3 Qd5 43. Qd2 Rc5 44. Qxh6 Rc8 45. h4 b4 46. h5 b3 47. hxg6 fxg6 48. Qxg6+ Kf8 49. f7 Ng7 50. Bf4 Rc2+ 51. Bxc2 bxc2 52. Bh6 c1=Q 53. Bxg7+ Ke7 54. f8=Q+ Kd7 55. Qge8+ Kc7 56. Qb8+ Kd7 57. Qfd8+ Kc6 58. Qbc7+ Kb5 59. Qxc1 1-0


[Site "https://www.chess.com"]

[Event "Titled Tuesday Blitz May 10 Early 2022"]
[White "Bashirli, Nail"]
[Black "Andreikin, Dmitry"]
[WhiteFideId "13406809"]
[BlackFideId "4158814"]
[WhiteElo "2333"]
[BlackElo "2736"]
[Result "0-1"]
[Round "02"]
[TimeControl "180+1"]
[Date "2022.05.10"]
[WhiteClock "0:00:18"]
[BlackClock "0:02:00"]

1. e4 c5 2. Nc3 a6 3. g3 b5 4. Bg2 Bb7 5. f4 e6 6. d3 h5 7. h3 d5 8. exd5 exd5 9. Nf3 b4 10. Ne2 Nh6 11. Be3 d4 12. Bf2 Be7 13. Qd2 Nd7 14. O-O-O Qa5 15. Kb1 Nb6 16. Rhe1 Na4 17. Nexd4 cxd4 18. Bxd4 Bd5 19. Re5 Nc3+ 0-1


[Site "https://www.chess.com"]